Admirals NSH vs Ice Hogs

Created - Monday, March 14, 2016 at 03:18

Goals
1 2 3 T
Admirals NSH 0 1 0 1
Ice Hogs 1 1 0 2
Shots
1 2 3 T
Admirals NSH 12 5 13 30
Ice Hogs 8 6 16 30

1st period

1. Ice Hogs , Bryce Salvador 1 (Matt Fraser, J.T. Miller) at 14:23 (PP)

Penalties :
Pierre-Cedric Labrie (MIL) for Hooking (Minor) at 13:02, Brad Winchester (MIL) for Hooking (Minor) at 14:52, Viktor Svedberg (RIH) for Fighting (Major) at 19:22, Brad Winchester (MIL) for Fighting (Major) at 19:22

2nd period

2. Admirals NSH , Frederic St. Denis 1 (Paul Bissonnette, Oliver Lauridsen) at 1:08
3. Ice Hogs , Matt Fraser 25 (J.T. Miller) at 7:42 (PP)

Penalties :
Andrew Desjardins (MIL) for Hooking (Minor) at 6:57, Andrew Desjardins (MIL) for Cross-checking (Minor) at 9:50, Viktor Svedberg (RIH) for Fighting (Major) at 14:25, Frazer McLaren (MIL) for Fighting (Major) at 14:25, Oliver Lauridsen (MIL) for Hooking (Minor) at 17:10

3rd period

No Goal

Penalties :
Mathieu Brodeur (RIH) for Fighting (Major) at 1:56, Frazer McLaren (MIL) for Fighting (Major) at 1:56, Mathieu Brodeur (RIH) for instigated a fight (Minor) at 1:56, Mathieu Brodeur (RIH) for instigated a fight (10 Minutes Misconduct) at 1:56, Jean-Philippe Cote (RIH) for Fighting (Major) at 4:27, Brad Winchester (MIL) for Fighting (Major) at 4:27, Paul Bissonnette (MIL) for Interference (Minor) at 5:53, Oliver Lauridsen (MIL) for Holding (Minor) at 10:43, Will Acton (RIH) for Fighting (Major) at 16:21, Andrew Desjardins (MIL) for Fighting (Major) at 16:21, Will Acton (RIH) for instigated a fight (Minor) at 16:21, Will Acton (RIH) for instigated a fight (10 Minutes Misconduct) at 16:21

Goalie Stats

Chad Johnson (MIL), 28 saves from 30 shots - (0.933), L, 31-10-9, 60:00 minutes
Yann Danis (RIH), 29 saves from 30 shots - (0.967), W, 50-13-13, 60:00 minutes

Players Stats for Admirals NSH

Player Name              G  A  P  +/- PIM S  H  SB GA TA FO     MP     PP MP  PK MP  
------------------------------------------------------------------------------------
Allan McPherson          0  0  0   0  0   1  3  0  0  0  3/6    14:06   0:13   5:18 
Andrew Desjardins        0  0  0   0  9   1  0  2  4  0  6/11   20:25   0:44   3:49 
Brad Winchester          0  0  0   0  12  1  1  0  0  0  5/8    14:07   3:01   0:35 
Brody Sutter             0  0  0   0  0   2  0  0  4  2  1/2    16:28   2:08   3:49 
Cameron Schilling        0  0  0   0  0   0  0  1  0  0  0/0     7:16   0:00   0:00 
Frazer McLaren           0  0  0   1  10  0  1  0  0  0  1/3    13:45   0:00   0:21 
Frederic St. Denis       1  0  1   1  0   2  1  1  1  0  0/0    17:55   0:00   4:04 
Fredrik Claesson         0  0  0   0  0   1  0  2  0  1  0/0    19:38   2:37   4:04 
Jamie Wise               0  0  0   0  0   0  0  0  0  0  2/3     6:38   0:00   0:00 
Michael Pelech           0  0  0   0  0   3  1  0  2  0  0/1    15:04   1:50   0:00 
Mike Blunden             0  0  0   0  0   1  0  0  1  0  0/2    21:52   2:08   7:52 
Nikita Nesterov          0  0  0   0  0   3  0  0  4  1  0/0    14:29   2:37   0:00 
Oliver Lauridsen         0  1  1   1  4   1  0  0  1  1  0/0    13:12   0:00   0:00 
Paul Bissonnette         0  1  1   1  2   1  1  2  1  0  0/0    17:12   0:00   2:32 
Pierre-Cedric Labrie     0  0  0   0  2   1  2  0  0  1  0/0    15:03   1:50   0:00 
Tim Gleason              0  0  0   0  0   9  4  2  0  0  0/0    27:36   1:21   7:57 
Victor Bartley           0  0  0   0  0   1  2  0  3  3  0/0    20:20   1:21   7:57 
Wade Megan               0  0  0   1  0   2  1  0  0  0  5/10   12:55   0:00   0:00 

Players Stats for Ice Hogs

Player Name              G  A  P  +/- PIM S  H  SB GA TA FO     MP     PP MP  PK MP  
------------------------------------------------------------------------------------
Alexandre Carrier        0  0  0   0  0   0  0  0  0  0  0/1     8:57   0:00   0:00 
Anton Volchenkov         0  0  0   0  0   2  0  4  0  5  0/0    27:44   5:25   3:03 
Bryce Salvador           1  0  1  -1  0   3  1  2  2  2  0/0    27:07   7:03   2:41 
Conor Sheary             0  0  0   0  0   3  0  1  1  0  1/1    12:13   0:00   0:00 
Derek Hulak              0  0  0   0  0   1  0  1  0  0  0/0     8:57   0:00   0:00 
Garnet Hathaway          0  0  0   0  0   1  0  1  1  0  0/6     8:57   0:00   0:00 
J.T. Miller              0  2  2  -1  0   3  1  1  4  3  1/1    20:41   6:10   1:59 
Jean-Philippe Cote       0  0  0   0  5   0  3  0  0  0  0/0    13:32   0:43   0:00 
Mat Bodie                0  0  0  -1  0   0  1  1  0  0  0/0    23:17   4:15   0:00 
Mathieu Brodeur          0  0  0   0  17  0  0  3  0  0  0/0    11:18   0:49   0:41 
Matt Fraser              1  1  2  -1  0   3  1  0  1  1  0/0    18:02   6:10   0:00 
Oscar Lindberg           0  0  0   0  0   4  2  0  4  0  7/12   18:16   5:51   1:59 
Petr Straka              0  0  0   0  0   1  1  0  0  1  0/0    16:52   5:51   0:00 
Scott Wilson             0  0  0   0  0   3  4  0  0  0  0/0    18:42   5:51   1:59 
T.J. Tynan               0  0  0   0  0   3  0  1  0  0  5/8    12:13   0:00   0:00 
Travis Morin             0  0  0  -1  0   1  3  0  0  1  9/17   20:41   6:10   1:59 
Viktor Svedberg          0  0  0   0  10  1  0  0  0  2  0/0    16:58   5:47   1:31 
Will Acton               0  0  0   0  17  1  1  0  1  1  0/0    11:30   0:00   0:00 

3 Stars

1 - Yann Danis (RIH)
2 - Frederic St. Denis (MIL)
3 - Matt Fraser (RIH)

Power Play

Admirals NSH - 0 on 2 Attempt(s) - 0.00%
Ice Hogs - 2 on 7 Attempt(s) - 28.57%

Penalty Kill

Admirals NSH - 5 on 7 Attempt(s) - 71.43% - Score 0 goal in Penalty Kill
Ice Hogs - 2 on 2 Attempt(s) - 100.00% - Score 0 goal in Penalty Kill

Team Stat

Admirals NSH - Hits : 17 - Faceoff Wins : 23 - Blocked Shots : 10 - Penalty Minutes : 39
Ice Hogs - Hits : 18 - Faceoff Wins : 23 - Blocked Shots : 15 - Penalty Minutes : 49

Official

Referees : Unknown
Linesman : Unknown

Game Notes

Viktor Svedberg and Brad Winchester fight to a draw at 19:22 of 1st period
Frazer McLaren beats up Viktor Svedberg at 14:25 of 2nd period
Mathieu Brodeur beats up Frazer McLaren at 1:56 of 3rd period
Brad Winchester beats up Jean-Philippe Cote at 4:27 of 3rd period
Andrew Desjardins beats up Will Acton at 16:21 of 3rd period

Finance

Level 1 -- Attendance: 1508 (75.40%) -- Ticket Income $52,780
Level 2 -- Attendance: 727 (72.70%) -- Ticket Income $10,905
Total Attendance: 2235 (74.50%)
Total Ticket Income: $63,685
Other Income: $31,206
Total Income: $94,891

Admirals NSH

5 vs 5 Forward 
   Center                   Left Wing                Right Wing               Time % Phy DF OF 
 1 Andrew Desjardins        Mike Blunden             Brody Sutter             27     1   2  2  
 2 Brad Winchester          Pierre-Cedric Labrie     Michael Pelech           27     1   2  2  
 3 Wade Megan               Paul Bissonnette         Frazer McLaren           27     1   2  2  
 4 Jamie Wise               Allan McPherson          Andrew Desjardins        19     1   2  2  

5 vs 5 Defense 
   Defense                  Defense                                           Time % Phy DF OF 
 1 Tim Gleason              Victor Bartley                                    27     1   2  2  
 2 Nikita Nesterov          Fredrik Claesson                                  27     1   2  2  
 3 Oliver Lauridsen         Frederic St. Denis                                27     1   2  2  
 4 Cameron Schilling        Tim Gleason                                       19     1   2  2  

PowerPlay Forward 
   Center                   Left Wing                Right Wing               Time % Phy DF OF 
 1 Andrew Desjardins        Mike Blunden             Brody Sutter             60     1   2  2  
 2 Brad Winchester          Pierre-Cedric Labrie     Michael Pelech           40     1   2  2  

PowerPlay Defense
   Defense                  Defense                                           Time % Phy DF OF 
 1 Tim Gleason              Victor Bartley                                    60     1   2  2  
 2 Fredrik Claesson         Nikita Nesterov                                   40     1   2  2  

Penalty Kill 4 Players Forward 
   Center                   Wing                     Time % Phy DF OF 
 1 Andrew Desjardins        Mike Blunden             60     1   2  2  
 2 Brody Sutter             Paul Bissonnette         40     1   2  2  

Penalty Kill 4 Players Defense
   Defense                  Defense                  Time % Phy DF OF 
 1 Tim Gleason              Victor Bartley           60     1   2  2  
 2 Frederic St. Denis       Fredrik Claesson         40     1   2  2  

Penalty Kill - 3 Players Forward 
   Forward                                           Time % Phy DF OF 
 1 Andrew Desjardins                                 60     1   2  2  
 2 Jamie Wise                                        40     1   2  2  

Penalty Kill - 3 Players Defense
   Defense                  Defense                  Time % Phy DF OF 
 1 Tim Gleason              Nikita Nesterov          60     1   2  2  
 2 Oliver Lauridsen         Victor Bartley           40     1   2  2  

4 vs 4 Forward 
   Center                   Wing                     Time % Phy DF OF 
 1 Andrew Desjardins        Brody Sutter             60     1   2  2  
 2 Mike Blunden             Wade Megan               40     1   2  2  

4 vs 4 Defense
   Defense                  Defense                  Time % Phy DF OF 
 1 Victor Bartley           Tim Gleason              60     1   2  2  
 2 Cameron Schilling        Oliver Lauridsen         40     1   2  2  

Last Minutes Offensive
   Center                   Left Wing                Right Wing               Defense                  Defense                  
   Andrew Desjardins        Mike Blunden             Brody Sutter             Tim Gleason              Victor Bartley           

Last Minutes Defensive
   Center                   Left Wing                Right Wing               Defense                  Defense                  
   Andrew Desjardins        Mike Blunden             Brody Sutter             Tim Gleason              Victor Bartley           

Goaltenders
Starting : Chad Johnson             
Backup : Johan Gustafsson         

Extra Forwards
Normal : Frazer McLaren, Andrew Desjardins, Mike Blunden - PP : Brody Sutter, Brad Winchester - PK : Allan McPherson
Extra Defensemen
Normal : Frederic St. Denis, Cameron Schilling, Tim Gleason - PP : Victor Bartley - PK : Nikita Nesterov, Tim Gleason
Penalty Shots
Frazer McLaren, Andrew Desjardins, Mike Blunden, Brody Sutter, Brad Winchester

Ice Hogs

5 vs 5 Forward 
   Center                   Left Wing                Right Wing               Time % Phy DF OF 
 1 Travis Morin             Matt Fraser              J.T. Miller              30     0   2  3  
 2 Oscar Lindberg           Scott Wilson             Petr Straka              25     0   2  3  
 3 T.J. Tynan               Conor Sheary             Will Acton               25     1   2  2  
 4 Garnet Hathaway          Derek Hulak              Alexandre Carrier        20     1   2  2  

5 vs 5 Defense 
   Defense                  Defense                                           Time % Phy DF OF 
 1 Viktor Svedberg          Bryce Salvador                                    30     1   2  2  
 2 Anton Volchenkov         Mathieu Brodeur                                   30     1   2  2  
 3 Jean-Philippe Cote       Mat Bodie                                         30     1   2  2  
 4 Anton Volchenkov         Bryce Salvador                                    10     1   2  2  

PowerPlay Forward 
   Center                   Left Wing                Right Wing               Time % Phy DF OF 
 1 Travis Morin             Matt Fraser              J.T. Miller              50     1   1  3  
 2 Oscar Lindberg           Scott Wilson             Petr Straka              50     1   1  3  

PowerPlay Defense
   Defense                  Defense                                           Time % Phy DF OF 
 1 Anton Volchenkov         Mat Bodie                                         50     0   2  3  
 2 Viktor Svedberg          Bryce Salvador                                    50     0   2  3  

Penalty Kill 4 Players Forward 
   Center                   Wing                     Time % Phy DF OF 
 1 Travis Morin             J.T. Miller              50     1   3  1  
 2 Oscar Lindberg           Scott Wilson             50     1   3  1  

Penalty Kill 4 Players Defense
   Defense                  Defense                  Time % Phy DF OF 
 1 Anton Volchenkov         Mathieu Brodeur          50     1   4  0  
 2 Viktor Svedberg          Bryce Salvador           50     1   4  0  

Penalty Kill - 3 Players Forward 
   Forward                                           Time % Phy DF OF 
 1 Travis Morin                                      50     1   4  0  
 2 J.T. Miller                                       50     1   4  0  

Penalty Kill - 3 Players Defense
   Defense                  Defense                  Time % Phy DF OF 
 1 Anton Volchenkov         Mathieu Brodeur          50     1   4  0  
 2 Viktor Svedberg          Bryce Salvador           50     1   4  0  

4 vs 4 Forward 
   Center                   Wing                     Time % Phy DF OF 
 1 Conor Sheary             Petr Straka              50     1   2  2  
 2 Will Acton               Derek Hulak              50     1   2  2  

4 vs 4 Defense
   Defense                  Defense                  Time % Phy DF OF 
 1 Anton Volchenkov         Mathieu Brodeur          50     1   2  2  
 2 Jean-Philippe Cote       Mat Bodie                50     1   2  2  

Last Minutes Offensive
   Center                   Left Wing                Right Wing               Defense                  Defense                  
   Travis Morin             Matt Fraser              J.T. Miller              Anton Volchenkov         Bryce Salvador           

Last Minutes Defensive
   Center                   Left Wing                Right Wing               Defense                  Defense                  
   Travis Morin             Scott Wilson             J.T. Miller              Anton Volchenkov         Bryce Salvador           

Goaltenders
Starting : Yann Danis               
Backup : Ryan Faragher            

Extra Forwards
Normal : Petr Straka, Conor Sheary, Garnet Hathaway - PP : Petr Straka, J.T. Miller - PK : Oscar Lindberg
Extra Defensemen
Normal : Bryce Salvador, Mat Bodie, Anton Volchenkov - PP : Viktor Svedberg - PK : Bryce Salvador, Anton Volchenkov
Penalty Shots
Travis Morin, J.T. Miller, Oscar Lindberg, Conor Sheary, Scott Wilson

% Time on Ice - Admirals NSH

Lines # - Real PCT - Wanted PCT - Time Play
Normal Forward
1 - 23% - 27% - 9:56
2 - 33% - 27% - 14:17
3 - 30% - 27% - 12:55
4 - 15% - 19% - 6:38
Normal Defense
1 - 25% - 27% - 10:47
2 - 30% - 27% - 12:57
3 - 29% - 27% - 12:46
4 - 17% - 19% - 7:16
PP Forward
1 - 54% - 60% - 2:08
2 - 46% - 40% - 1:50
PP Defense
1 - 34% - 60% - 1:21
2 - 66% - 40% - 2:37
PK Forward
1 - 71% - 60% - 8:34
2 - 29% - 40% - 3:27
PK Defense
1 - 66% - 60% - 7:57
2 - 34% - 40% - 4:04
PK3 Forward
1 - 0% - 60%
2 - 0% - 40%
PK3 Defense
1 - 0% - 60%
2 - 0% - 40%
44 Forward
1 - 0% - 60%
2 - 0% - 40%
44 Defense
1 - 0% - 60%
2 - 0% - 40%
Last Minute Offensive  - 0:15
Last Minute Defensive  - 0:00
Total
Forward - 60:00
Defense - 60:00

% Time on Ice - Ice Hogs

Lines # - Real PCT - Wanted PCT - Time Play
Normal Forward
1 - 28% - 30% - 11:59
2 - 24% - 25% - 10:19
3 - 28% - 25% - 12:13
4 - 21% - 20% - 8:57
Normal Defense
1 - 32% - 30% - 13:58
2 - 28% - 30% - 12:13
3 - 35% - 30% - 15:02
4 - 5% - 10% - 2:15
PP Forward
1 - 51% - 50% - 6:10
2 - 49% - 50% - 5:51
PP Defense
1 - 35% - 50% - 4:15
2 - 65% - 50% - 7:46
PK Forward
1 - 50% - 50% - 1:59
2 - 50% - 50% - 1:59
PK Defense
1 - 62% - 50% - 2:27
2 - 38% - 50% - 1:31
PK3 Forward
1 - 0% - 50%
2 - 0% - 50%
PK3 Defense
1 - 0% - 50%
2 - 0% - 50%
44 Forward
1 - 0% - 50%
2 - 0% - 50%
44 Defense
1 - 0% - 50%
2 - 0% - 50%
Last Minute Offensive  - 0:00
Last Minute Defensive  - 0:33
Total
Forward - 60:00
Defense - 60:00

Play by Play

1st period


0:01 of 1st period - Andrew Desjardins wins face-off versus Travis Morin in neutral zone.
0:07 of 1st period - Icing by Bryce Salvador.
0:08 of 1st period - Andrew Desjardins wins face-off versus Travis Morin in Ice Hogs zone.
0:11 of 1st period - Snap shot by Mike Blunden.
0:11 of 1st period - Shot Misses the Net.
0:44 of 1st period - Snap shot by Mike Blunden.
0:44 of 1st period - Shot Misses the Net.
1:05 of 1st period - Oscar Lindberg is hit by Pierre-Cedric Labrie and loses puck.
1:25 of 1st period - Slapshot by Nikita Nesterov.
1:25 of 1st period - Stopped by Yann Danis without a rebound.
1:26 of 1st period - Wade Megan wins face-off versus T.J. Tynan in Ice Hogs zone.
1:38 of 1st period - Off-side.
1:39 of 1st period - Conor Sheary wins face-off versus Wade Megan in neutral zone.
2:21 of 1st period - Icing by Frederic St. Denis.
2:22 of 1st period - Wade Megan wins face-off versus Garnet Hathaway in Admirals NSH zone.
2:37 of 1st period - Snap shot by Derek Hulak.
2:37 of 1st period - Shot Blocked by Andrew Desjardins.
2:39 of 1st period - Wrist shot by Derek Hulak.
2:39 of 1st period - Stopped by Chad Johnson with a rebound.
2:57 of 1st period - Derek Hulak is hit by Allan McPherson.
3:17 of 1st period - Tim Gleason is hit by Scott Wilson and loses puck.
3:36 of 1st period - Wrist shot by Michael Pelech.
3:36 of 1st period - Stopped by Yann Danis with a rebound.
3:46 of 1st period - Wrist shot by Brad Winchester.
3:46 of 1st period - Shot Misses the Net.
3:48 of 1st period - Slapshot by Nikita Nesterov.
3:48 of 1st period - Stopped by Yann Danis with a rebound.
4:16 of 1st period - Fredrik Claesson is hit by Travis Morin and loses puck.
4:35 of 1st period - Slapshot by Nikita Nesterov.
4:35 of 1st period - Shot Misses the Net.
4:37 of 1st period - Slapshot by Tim Gleason.
4:37 of 1st period - Stopped by Yann Danis with a rebound.
4:39 of 1st period - Slapshot by Wade Megan.
4:39 of 1st period - Stopped by Yann Danis with a rebound.
5:07 of 1st period - Slapshot by Victor Bartley.
5:07 of 1st period - Deflect By Brad Winchester.
5:07 of 1st period - Stopped by Yann Danis with a rebound.
5:13 of 1st period - Wrist shot by Brad Winchester.
5:13 of 1st period - Shot Blocked by Conor Sheary.
7:07 of 1st period - Snap shot by Tim Gleason.
7:07 of 1st period - Stopped by Yann Danis with a rebound.
7:09 of 1st period - Slapshot by Tim Gleason.
7:09 of 1st period - Shot Blocked by Anton Volchenkov.
7:11 of 1st period - Slapshot by Tim Gleason.
7:11 of 1st period - Deflect By Mike Blunden.
7:11 of 1st period - Shot Blocked by Mathieu Brodeur.
7:11 of 1st period - Puck is out of play.
7:12 of 1st period - Wade Megan wins face-off versus Travis Morin in Ice Hogs zone.
7:13 of 1st period - Slapshot by Victor Bartley.
7:13 of 1st period - Shot Misses the Net.
7:43 of 1st period - Snap shot by J.T. Miller.
7:43 of 1st period - Stopped by Chad Johnson without a rebound.
7:44 of 1st period - Brad Winchester wins face-off versus T.J. Tynan in Admirals NSH zone.
8:47 of 1st period - Snap shot by Garnet Hathaway.
8:47 of 1st period - Stopped by Chad Johnson with a rebound.
9:27 of 1st period - Slapshot by Brody Sutter.
9:27 of 1st period - Shot Misses the Net.
10:29 of 1st period - Oscar Lindberg is hit by Tim Gleason.
10:47 of 1st period - Snap shot by Brody Sutter.
10:47 of 1st period - Deflect By Mike Blunden.
10:47 of 1st period - Stopped by Yann Danis without a rebound.
10:48 of 1st period - T.J. Tynan wins face-off versus Allan McPherson in Ice Hogs zone.
10:53 of 1st period - Will Acton is hit by Tim Gleason and loses puck.
12:10 of 1st period - Snap shot by Brody Sutter.
12:10 of 1st period - Stopped by Yann Danis with a rebound.
13:02 of 1st period - Minor Penalty to Pierre-Cedric Labrie for Hooking.
13:03 of 1st period - Travis Morin wins face-off versus Andrew Desjardins in Admirals NSH zone.
13:06 of 1st period - Backhand shot by J.T. Miller.
13:06 of 1st period - Stopped by Chad Johnson with a rebound.
13:40 of 1st period - Snap shot by J.T. Miller.
13:40 of 1st period - Shot Misses the Net.
14:02 of 1st period - Mike Blunden is hit by Scott Wilson and loses puck.
14:21 of 1st period - Snap shot by Matt Fraser.
14:21 of 1st period - Stopped by Chad Johnson with a rebound.
14:23 of 1st period - Slapshot by Bryce Salvador.
14:23 of 1st period - Goal by Bryce Salvador - Admirals NSH : 0 - Ice Hogs : 1.
14:24 of 1st period - T.J. Tynan wins face-off versus Brad Winchester in neutral zone.
14:52 of 1st period - Minor Penalty to Brad Winchester for Hooking.
14:53 of 1st period - Andrew Desjardins wins face-off versus Oscar Lindberg in Admirals NSH zone.
15:59 of 1st period - Fredrik Claesson is hit by Bryce Salvador.
16:05 of 1st period - Snap shot by Allan McPherson.
16:05 of 1st period - Stopped by Yann Danis without a rebound.
16:06 of 1st period - Allan McPherson wins face-off versus Travis Morin in Ice Hogs zone.
16:52 of 1st period - Penalty to Brad Winchester is over, Brad Winchester is back on ice.
18:12 of 1st period - Slapshot by Tim Gleason.
18:12 of 1st period - Stopped by Yann Danis with a rebound.
18:14 of 1st period - Slapshot by Tim Gleason.
18:14 of 1st period - Deflect By Paul Bissonnette.
18:14 of 1st period - Stopped by Yann Danis without a rebound.
18:15 of 1st period - Frazer McLaren wins face-off versus Garnet Hathaway in Ice Hogs zone.
18:15 of 1st period - Tim Gleason is hit by Mat Bodie and loses puck.
18:29 of 1st period - Tim Gleason is hit by Jean-Philippe Cote and loses puck.
19:15 of 1st period - Snap shot by Scott Wilson.
19:15 of 1st period - Shot Misses the Net.
19:17 of 1st period - Wrist shot by Bryce Salvador.
19:17 of 1st period - Stopped by Chad Johnson with a rebound.
19:19 of 1st period - Snap shot by Petr Straka.
19:19 of 1st period - Stopped by Chad Johnson without a rebound.
19:20 of 1st period - Travis Morin wins face-off versus Brad Winchester in Admirals NSH zone.
19:22 of 1st period - Viktor Svedberg and Brad Winchester fight to a draw.
19:22 of 1st period - Penalty to Viktor Svedberg for Fighting.
19:22 of 1st period - Penalty to Brad Winchester for Fighting.
19:23 of 1st period - Travis Morin wins face-off versus Frazer McLaren in Admirals NSH zone.
Goals for this period are 0 for Admirals NSH vs 1 for Ice Hogs.
Shots for this period are 12 for Admirals NSH vs 8 for Ice Hogs.

2nd period


0:01 of 2nd period - Andrew Desjardins wins face-off versus Travis Morin in neutral zone.
0:22 of 2nd period - Snap shot by Mike Blunden.
0:22 of 2nd period - Shot Misses the Net.
0:46 of 2nd period - Snap shot by Victor Bartley.
0:46 of 2nd period - Shot Misses the Net.
0:48 of 2nd period - Slapshot by Tim Gleason.
0:48 of 2nd period - Shot Misses the Net.
0:54 of 2nd period - Slapshot by Frederic St. Denis.
0:54 of 2nd period - Stopped by Yann Danis with a rebound.
1:08 of 2nd period - Slapshot by Frederic St. Denis.
1:08 of 2nd period - Goal by Frederic St. Denis - Admirals NSH : 1 - Ice Hogs : 1.
1:09 of 2nd period - Oscar Lindberg wins face-off versus Frazer McLaren in neutral zone.
1:22 of 2nd period - Wrist shot by Oscar Lindberg.
1:22 of 2nd period - Shot Misses the Net.
1:56 of 2nd period - Slapshot by Nikita Nesterov.
1:56 of 2nd period - Shot Blocked by Anton Volchenkov.
1:58 of 2nd period - Snap shot by Brody Sutter.
1:58 of 2nd period - Stopped by Yann Danis with a rebound.
2:06 of 2nd period - Slapshot by Victor Bartley.
2:06 of 2nd period - Shot Blocked by Mathieu Brodeur.
2:08 of 2nd period - Slapshot by Tim Gleason.
2:08 of 2nd period - Shot Misses the Net.
2:10 of 2nd period - Slapshot by Brody Sutter.
2:10 of 2nd period - Deflect By Andrew Desjardins.
2:10 of 2nd period - Shot Blocked by Mathieu Brodeur.
2:10 of 2nd period - Puck is out of play.
2:11 of 2nd period - T.J. Tynan wins face-off versus Jamie Wise in Ice Hogs zone.
2:18 of 2nd period - Slapshot by Conor Sheary.
2:18 of 2nd period - Shot Blocked by Tim Gleason.
2:36 of 2nd period - Victor Bartley is hit by Jean-Philippe Cote and loses puck.
3:09 of 2nd period - Bryce Salvador is hit by Frazer McLaren.
3:13 of 2nd period - Bryce Salvador is hit by Wade Megan and loses puck.
4:00 of 2nd period - Oliver Lauridsen is hit by Travis Morin and loses puck.
4:12 of 2nd period - Slapshot by Anton Volchenkov.
4:12 of 2nd period - Stopped by Chad Johnson with a rebound.
6:27 of 2nd period - Andrew Desjardins is hit by J.T. Miller and loses puck.
6:50 of 2nd period - Wrist shot by Oscar Lindberg.
6:50 of 2nd period - Shot Misses the Net.
6:57 of 2nd period - Minor Penalty to Andrew Desjardins for Hooking.
6:58 of 2nd period - Oscar Lindberg wins face-off versus Allan McPherson in Admirals NSH zone.
7:33 of 2nd period - Mike Blunden is hit by Matt Fraser and loses puck.
7:42 of 2nd period - Slapshot by J.T. Miller.
7:42 of 2nd period - Deflect By Matt Fraser.
7:42 of 2nd period - Goal by Matt Fraser - Admirals NSH : 1 - Ice Hogs : 2.
7:43 of 2nd period - Brad Winchester wins face-off versus Garnet Hathaway in neutral zone.
7:46 of 2nd period - Anton Volchenkov is hit by Brad Winchester and loses puck.
8:43 of 2nd period - Wrist shot by Matt Fraser.
8:43 of 2nd period - Stopped by Chad Johnson with a rebound.
8:49 of 2nd period - Matt Fraser is hit by Frederic St. Denis and loses puck.
9:13 of 2nd period - Mike Blunden is hit by Jean-Philippe Cote and loses puck.
9:50 of 2nd period - Minor Penalty to Andrew Desjardins for Cross-checking.
9:51 of 2nd period - Allan McPherson wins face-off versus Travis Morin in Admirals NSH zone.
10:14 of 2nd period - Snap shot by Travis Morin.
10:14 of 2nd period - Shot Misses the Net.
10:16 of 2nd period - Slapshot by Anton Volchenkov.
10:16 of 2nd period - Deflect By Mike Blunden.
10:16 of 2nd period - Stopped by Chad Johnson without a rebound.
10:17 of 2nd period - Oscar Lindberg wins face-off versus Allan McPherson in Admirals NSH zone.
10:30 of 2nd period - Slapshot by Victor Bartley.
10:30 of 2nd period - Stopped by Yann Danis with a rebound.
10:49 of 2nd period - Snap shot by Scott Wilson.
10:49 of 2nd period - Stopped by Chad Johnson with a rebound.
10:59 of 2nd period - Bryce Salvador is hit by Allan McPherson and loses puck.
11:34 of 2nd period - Fredrik Claesson is hit by Oscar Lindberg and loses puck.
11:45 of 2nd period - Wrist shot by Scott Wilson.
11:45 of 2nd period - Stopped by Chad Johnson without a rebound.
11:46 of 2nd period - Brody Sutter wins face-off versus Oscar Lindberg in Admirals NSH zone.
11:50 of 2nd period - Penalty to Andrew Desjardins is over, Andrew Desjardins is back on ice.
12:21 of 2nd period - Will Acton is hit by Tim Gleason and loses puck.
12:43 of 2nd period - Slapshot by Nikita Nesterov.
12:43 of 2nd period - Deflect By Paul Bissonnette.
12:43 of 2nd period - Shot Misses the Net.
12:43 of 2nd period - Puck is out of play.
12:44 of 2nd period - Wade Megan wins face-off versus Alexandre Carrier in Ice Hogs zone.
13:14 of 2nd period - Snap shot by Paul Bissonnette.
13:14 of 2nd period - Shot Misses the Net.
14:25 of 2nd period - Frazer McLaren beats up Viktor Svedberg.
14:25 of 2nd period - Penalty to Viktor Svedberg for Fighting.
14:25 of 2nd period - Penalty to Frazer McLaren for Fighting.
14:26 of 2nd period - Travis Morin wins face-off versus Brody Sutter in neutral zone.
14:39 of 2nd period - J.T. Miller is hit by Victor Bartley and loses puck.
15:30 of 2nd period - Slapshot by Frederic St. Denis.
15:30 of 2nd period - Shot Misses the Net.
15:32 of 2nd period - Wrist shot by Wade Megan.
15:32 of 2nd period - Stopped by Yann Danis with a rebound.
15:34 of 2nd period - Slapshot by Frederic St. Denis.
15:34 of 2nd period - Shot Misses the Net.
16:16 of 2nd period - Anton Volchenkov is hit by Pierre-Cedric Labrie and loses puck.
16:25 of 2nd period - Slapshot by Bryce Salvador.
16:25 of 2nd period - Shot Misses the Net.
17:10 of 2nd period - Minor Penalty to Oliver Lauridsen for Hooking.
17:11 of 2nd period - Travis Morin wins face-off versus Andrew Desjardins in Admirals NSH zone.
18:19 of 2nd period - Mike Blunden is hit by Scott Wilson and loses puck.
19:09 of 2nd period - Bryce Salvador is hit by Paul Bissonnette and loses puck.
19:10 of 2nd period - Penalty to Oliver Lauridsen is over, Oliver Lauridsen is back on ice.
19:24 of 2nd period - Wrist shot by Will Acton.
19:24 of 2nd period - Shot Misses the Net.
19:26 of 2nd period - Snap shot by Will Acton.
19:26 of 2nd period - Shot Misses the Net.
19:28 of 2nd period - Wrist shot by Will Acton.
19:28 of 2nd period - Shot Misses the Net.
19:30 of 2nd period - Wrist shot by Will Acton.
19:30 of 2nd period - Shot Misses the Net.
19:32 of 2nd period - Snap shot by T.J. Tynan.
19:32 of 2nd period - Shot Misses the Net.
Goals for this period are 1 for Admirals NSH vs 1 for Ice Hogs.
Shots for this period are 5 for Admirals NSH vs 6 for Ice Hogs.

3rd period


0:01 of 3rd period - Andrew Desjardins wins face-off versus Travis Morin in neutral zone.
0:14 of 3rd period - Wrist shot by J.T. Miller.
0:14 of 3rd period - Shot Misses the Net.
0:16 of 3rd period - Slapshot by Anton Volchenkov.
0:16 of 3rd period - Deflect By J.T. Miller.
0:16 of 3rd period - Stopped by Chad Johnson without a rebound.
0:17 of 3rd period - Travis Morin wins face-off versus Andrew Desjardins in Admirals NSH zone.
0:20 of 3rd period - Snap shot by Travis Morin.
0:20 of 3rd period - Shot Misses the Net.
0:28 of 3rd period - Wrist shot by Matt Fraser.
0:28 of 3rd period - Shot Blocked by Andrew Desjardins.
0:30 of 3rd period - Slapshot by Bryce Salvador.
0:30 of 3rd period - Stopped by Chad Johnson with a rebound.
0:32 of 3rd period - Wrist shot by Bryce Salvador.
0:32 of 3rd period - Shot Misses the Net.
0:34 of 3rd period - Slapshot by Anton Volchenkov.
0:34 of 3rd period - Shot Blocked by Cameron Schilling.
1:02 of 3rd period - Mike Blunden is hit by Petr Straka and loses puck.
1:15 of 3rd period - Slapshot by Scott Wilson.
1:15 of 3rd period - Stopped by Chad Johnson with a rebound.
1:27 of 3rd period - Snap shot by Oscar Lindberg.
1:27 of 3rd period - Stopped by Chad Johnson with a rebound.
1:41 of 3rd period - Snap shot by Conor Sheary.
1:41 of 3rd period - Stopped by Chad Johnson with a rebound.
1:43 of 3rd period - Wrist shot by Will Acton.
1:43 of 3rd period - Shot Blocked by Tim Gleason.
1:45 of 3rd period - Wrist shot by Conor Sheary.
1:45 of 3rd period - Stopped by Chad Johnson with a rebound.
1:47 of 3rd period - Snap shot by T.J. Tynan.
1:47 of 3rd period - Stopped by Chad Johnson without a rebound.
1:48 of 3rd period - T.J. Tynan wins face-off versus Wade Megan in Admirals NSH zone.
1:56 of 3rd period - Mathieu Brodeur beats up Frazer McLaren.
1:56 of 3rd period - Penalty to Mathieu Brodeur for Fighting.
1:56 of 3rd period - Penalty to Frazer McLaren for Fighting.
1:56 of 3rd period - Penalty to Mathieu Brodeur for instigated a fight.
1:56 of 3rd period - Penalty to Mathieu Brodeur for instigated a fight.
1:57 of 3rd period - Brad Winchester wins face-off versus Travis Morin in Ice Hogs zone.
2:02 of 3rd period - Slapshot by Nikita Nesterov.
2:02 of 3rd period - Shot Misses the Net.
2:14 of 3rd period - Snap shot by Nikita Nesterov.
2:14 of 3rd period - Stopped by Yann Danis with a rebound.
2:16 of 3rd period - Wrist shot by Brad Winchester.
2:16 of 3rd period - Shot Misses the Net.
2:18 of 3rd period - Wrist shot by Pierre-Cedric Labrie.
2:18 of 3rd period - Shot Blocked by Anton Volchenkov.
2:20 of 3rd period - Slapshot by Nikita Nesterov.
2:20 of 3rd period - Shot Misses the Net.
2:22 of 3rd period - Slapshot by Michael Pelech.
2:22 of 3rd period - Shot Misses the Net.
2:24 of 3rd period - Slapshot by Nikita Nesterov.
2:24 of 3rd period - Shot Blocked by Bryce Salvador.
2:26 of 3rd period - Slapshot by Fredrik Claesson.
2:26 of 3rd period - Shot Misses the Net.
2:28 of 3rd period - Snap shot by Fredrik Claesson.
2:28 of 3rd period - Stopped by Yann Danis without a rebound.
2:29 of 3rd period - Oscar Lindberg wins face-off versus Michael Pelech in Ice Hogs zone.
2:29 of 3rd period - Oscar Lindberg is hit by Michael Pelech.
3:03 of 3rd period - Wrist shot by Mike Blunden.
3:03 of 3rd period - Shot Misses the Net.
3:05 of 3rd period - Slapshot by Tim Gleason.
3:05 of 3rd period - Stopped by Yann Danis without a rebound.
3:06 of 3rd period - J.T. Miller wins face-off versus Mike Blunden in Ice Hogs zone.
3:42 of 3rd period - Slapshot by Nikita Nesterov.
3:42 of 3rd period - Shot Misses the Net.
3:56 of 3rd period - Penalty to Mathieu Brodeur is over, Oscar Lindberg is send on ice.
3:56 of 3rd period - Andrew Desjardins is hit by Oscar Lindberg and loses puck.
4:10 of 3rd period - Icing by Bryce Salvador.
4:11 of 3rd period - T.J. Tynan wins face-off versus Wade Megan in Ice Hogs zone.
4:16 of 3rd period - Brad Winchester is hit by Will Acton and loses puck.
4:20 of 3rd period - Icing by Oliver Lauridsen.
4:21 of 3rd period - Wade Megan wins face-off versus T.J. Tynan in Admirals NSH zone.
4:27 of 3rd period - Brad Winchester beats up Jean-Philippe Cote.
4:27 of 3rd period - Penalty to Jean-Philippe Cote for Fighting.
4:27 of 3rd period - Penalty to Brad Winchester for Fighting.
4:28 of 3rd period - Travis Morin wins face-off versus Wade Megan in Ice Hogs zone.
4:49 of 3rd period - Anton Volchenkov is hit by Victor Bartley and loses puck.
5:01 of 3rd period - Icing by Anton Volchenkov.
5:02 of 3rd period - Travis Morin wins face-off versus Mike Blunden in Ice Hogs zone.
5:17 of 3rd period - Slapshot by Nikita Nesterov.
5:17 of 3rd period - Shot Misses the Net.
5:19 of 3rd period - Wrist shot by Mike Blunden.
5:19 of 3rd period - Shot Misses the Net.
5:21 of 3rd period - Slapshot by Pierre-Cedric Labrie.
5:21 of 3rd period - Stopped by Yann Danis with a rebound.
5:23 of 3rd period - Wrist shot by Pierre-Cedric Labrie.
5:23 of 3rd period - Shot Blocked by J.T. Miller.
5:44 of 3rd period - Snap shot by Oscar Lindberg.
5:44 of 3rd period - Shot Misses the Net.
5:53 of 3rd period - Minor Penalty to Paul Bissonnette for Interference.
5:54 of 3rd period - Oscar Lindberg wins face-off versus Andrew Desjardins in Admirals NSH zone.
6:19 of 3rd period - Slapshot by Oscar Lindberg.
6:19 of 3rd period - Stopped by Chad Johnson with a rebound.
6:45 of 3rd period - Travis Morin is hit by Tim Gleason and loses puck.
6:56 of 3rd period - Penalty to Frazer McLaren is over, Frazer McLaren is back on ice.
7:04 of 3rd period - Wrist shot by Oscar Lindberg.
7:04 of 3rd period - Stopped by Chad Johnson with a rebound.
7:26 of 3rd period - J.T. Miller is hit by Allan McPherson and loses puck.
7:53 of 3rd period - Penalty to Paul Bissonnette is over, Paul Bissonnette is back on ice.
8:16 of 3rd period - Wrist shot by Conor Sheary.
8:16 of 3rd period - Shot Misses the Net.
8:18 of 3rd period - Snap shot by Anton Volchenkov.
8:18 of 3rd period - Shot Misses the Net.
8:44 of 3rd period - Slapshot by Michael Pelech.
8:44 of 3rd period - Shot Misses the Net.
8:46 of 3rd period - Slapshot by Tim Gleason.
8:46 of 3rd period - Stopped by Yann Danis with a rebound.
8:48 of 3rd period - Slapshot by Michael Pelech.
8:48 of 3rd period - Stopped by Yann Danis with a rebound.
8:52 of 3rd period - Slapshot by Tim Gleason.
8:52 of 3rd period - Shot Blocked by T.J. Tynan.
8:54 of 3rd period - Slapshot by Tim Gleason.
8:54 of 3rd period - Stopped by Yann Danis with a rebound.
8:56 of 3rd period - Slapshot by Tim Gleason.
8:56 of 3rd period - Stopped by Yann Danis without a rebound.
8:57 of 3rd period - Allan McPherson wins face-off versus Garnet Hathaway in Ice Hogs zone.
9:00 of 3rd period - Snap shot by Michael Pelech.
9:00 of 3rd period - Shot Misses the Net.
10:43 of 3rd period - Minor Penalty to Oliver Lauridsen for Holding.
10:44 of 3rd period - Andrew Desjardins wins face-off versus Oscar Lindberg in Admirals NSH zone.
10:48 of 3rd period - Snap shot by Oscar Lindberg.
10:48 of 3rd period - Deflect By Andrew Desjardins.
10:48 of 3rd period - Stopped by Chad Johnson without a rebound.
10:49 of 3rd period - Oscar Lindberg wins face-off versus Andrew Desjardins in Admirals NSH zone.
11:32 of 3rd period - Snap shot by Matt Fraser.
11:32 of 3rd period - Shot Blocked by Paul Bissonnette.
11:34 of 3rd period - Snap shot by Travis Morin.
11:34 of 3rd period - Stopped by Chad Johnson with a rebound.
11:36 of 3rd period - Slapshot by Viktor Svedberg.
11:36 of 3rd period - Stopped by Chad Johnson with a rebound.
12:15 of 3rd period - Frederic St. Denis is hit by Scott Wilson and loses puck.
12:40 of 3rd period - Snap shot by Matt Fraser.
12:40 of 3rd period - Shot Blocked by Fredrik Claesson.
12:43 of 3rd period - Penalty to Oliver Lauridsen is over, Oliver Lauridsen is back on ice.
12:54 of 3rd period - Wrist shot by Conor Sheary.
12:54 of 3rd period - Shot Blocked by Frederic St. Denis.
12:56 of 3rd period - Slapshot by Bryce Salvador.
12:56 of 3rd period - Shot Misses the Net.
12:58 of 3rd period - Wrist shot by Viktor Svedberg.
12:58 of 3rd period - Shot Blocked by Fredrik Claesson.
13:00 of 3rd period - Slapshot by Bryce Salvador.
13:00 of 3rd period - Shot Misses the Net.
13:02 of 3rd period - Slapshot by Bryce Salvador.
13:02 of 3rd period - Shot Misses the Net.
13:04 of 3rd period - Wrist shot by T.J. Tynan.
13:04 of 3rd period - Deflect By Conor Sheary.
13:04 of 3rd period - Shot Blocked by Paul Bissonnette.
13:04 of 3rd period - Puck is out of play.
13:05 of 3rd period - Brad Winchester wins face-off versus Garnet Hathaway in Admirals NSH zone.
13:09 of 3rd period - Off-side.
13:10 of 3rd period - Brad Winchester wins face-off versus Garnet Hathaway in neutral zone.
13:17 of 3rd period - Wrist shot by Brad Winchester.
13:17 of 3rd period - Shot Blocked by Garnet Hathaway.
13:19 of 3rd period - Slapshot by Tim Gleason.
13:19 of 3rd period - Shot Misses the Net.
13:21 of 3rd period - Slapshot by Tim Gleason.
13:21 of 3rd period - Shot Misses the Net.
13:23 of 3rd period - Slapshot by Tim Gleason.
13:23 of 3rd period - Stopped by Yann Danis with a rebound.
13:27 of 3rd period - Wrist shot by Michael Pelech.
13:27 of 3rd period - Shot Blocked by Derek Hulak.
13:29 of 3rd period - Slapshot by Tim Gleason.
13:29 of 3rd period - Stopped by Yann Danis with a rebound.
13:31 of 3rd period - Slapshot by Tim Gleason.
13:31 of 3rd period - Shot Blocked by Anton Volchenkov.
14:07 of 3rd period - Wrist shot by Will Acton.
14:07 of 3rd period - Stopped by Chad Johnson with a rebound.
14:09 of 3rd period - Snap shot by Conor Sheary.
14:09 of 3rd period - Stopped by Chad Johnson with a rebound.
14:11 of 3rd period - Wrist shot by T.J. Tynan.
14:11 of 3rd period - Shot Misses the Net.
14:13 of 3rd period - Wrist shot by Mat Bodie.
14:13 of 3rd period - Shot Misses the Net.
14:15 of 3rd period - Slapshot by T.J. Tynan.
14:15 of 3rd period - Stopped by Chad Johnson with a rebound.
14:17 of 3rd period - Slapshot by Jean-Philippe Cote.
14:17 of 3rd period - Shot Misses the Net.
14:19 of 3rd period - Slapshot by T.J. Tynan.
14:19 of 3rd period - Deflect By Frederic St. Denis.
14:19 of 3rd period - Stopped by Chad Johnson without a rebound.
14:20 of 3rd period - Jamie Wise wins face-off versus Oscar Lindberg in Admirals NSH zone.
14:28 of 3rd period - Wrist shot by Tim Gleason.
14:28 of 3rd period - Deflect By Andrew Desjardins.
14:28 of 3rd period - Shot Blocked by Mat Bodie.
14:28 of 3rd period - Puck is out of play.
14:29 of 3rd period - Jamie Wise wins face-off versus Oscar Lindberg in Ice Hogs zone.
14:46 of 3rd period - Slapshot by Victor Bartley.
14:46 of 3rd period - Shot Misses the Net.
15:12 of 3rd period - Wrist shot by Michael Pelech.
15:12 of 3rd period - Stopped by Yann Danis with a rebound.
15:14 of 3rd period - Slapshot by Oliver Lauridsen.
15:14 of 3rd period - Stopped by Yann Danis without a rebound.
15:15 of 3rd period - Travis Morin wins face-off versus Wade Megan in Ice Hogs zone.
16:10 of 3rd period - Snap shot by Andrew Desjardins.
16:10 of 3rd period - Stopped by Yann Danis with a rebound.
16:21 of 3rd period - Andrew Desjardins beats up Will Acton.
16:21 of 3rd period - Penalty to Will Acton for Fighting.
16:21 of 3rd period - Penalty to Andrew Desjardins for Fighting.
16:21 of 3rd period - Penalty to Will Acton for instigated a fight.
16:21 of 3rd period - Penalty to Will Acton for instigated a fight.
16:22 of 3rd period - Oscar Lindberg wins face-off versus Brad Winchester in Ice Hogs zone.
16:43 of 3rd period - Slapshot by Victor Bartley.
16:43 of 3rd period - Shot Blocked by Bryce Salvador.
16:56 of 3rd period - 10 Minutes Misconduct Penalty to Mathieu Brodeur is over.
17:02 of 3rd period - Mike Blunden is hit by Travis Morin and loses puck.
18:21 of 3rd period - Penalty to Will Acton is over, Matt Fraser is send on ice.
19:11 of 3rd period - Snap shot by Conor Sheary.
19:11 of 3rd period - Shot Misses the Net.
19:37 of 3rd period - Wrist shot by J.T. Miller.
19:37 of 3rd period - Shot Misses the Net.
19:55 of 3rd period - Wrist shot by J.T. Miller.
19:55 of 3rd period - Shot Misses the Net.
Goals for this period are 0 for Admirals NSH vs 0 for Ice Hogs.
Shots for this period are 13 for Admirals NSH vs 16 for Ice Hogs.